 Dungeon Crawl Stone Soup version 0.29.1-1-gd02db6906a (webtiles) character file.

Game seed: 15384927732080832659

4 fractalfish the Conjurer (level 1, 10/10 HPs)
             Began as a Deep Elf Conjurer on Sept 3, 2022.
             Quit the game on level 1 of the Dungeon on Sept 15, 2022.
             The game lasted 00:01:21 (136 turns).

fractalfish the Conjurer (Deep Elf Conjurer)         Turns: 136, Time: 00:01:22

Health: 10/10      AC:  2    Str:  4    XL:     1   Next: 50%
Magic:  6/6        EV: 12    Int: 22    God:
Gold:   20         SH:  0    Dex: 13    Spells: 5/6 levels left

rFire   . . .      SeeInvis .   (no weapon)
rCold   . . .      Faith    .   (no shield)
rNeg    . . .      Spirit   .   a - +0 robe
rPois   .          Reflect  .   (no helmet)
rElec   .          Harm     .   (no cloak)
rCorr   .          Rampage  .   (no gloves)
Will    .....                   (no boots)
Stlth   ++........              (no amulet)
HPRegen 0.03/turn               (no ring)
MPRegen 0.10/turn               (no ring)

@: no status effects
A: no striking features
a: no special abilities


You were on level 1 of the Dungeon.
You visited 1 branch of the dungeon, and saw 1 of its levels.

You collected 20 gold pieces.

Inventory:

Armour
 a - a +0 robe (worn)
Scrolls
 c - 2 scrolls of blinking {unknown}
Potions
 b - a potion of magic
 d - a potion of heal wounds {unknown}


   Skills:
 + Level 2.4 Dodging
 + Level 2.4 Stealth
 + Level 3.1 Spellcasting
 + Level 4.5 Conjurations


You had 5 spell levels left.
You knew the following spells:

 Your Spells              Type           Power      Damage    Failure   Level
a - Magic Dart            Conj           92%        1d7       1%          1

Your spell library contained the following spells:

 Spells                   Type           Power      Damage    Failure   Level
 Searing Ray              Conj           46%        2d6       2%          2
 Dazzling Flash           Conj/Hex       26%        N/A       14%         3
 Fulminant Prism          Conj/Hex       6%         3d7       43%         4
 Iskenderun's Mystic Bla  Conj/Tloc      13%        2d5       43%         4


Dungeon Overview and Level Annotations

Branches:
Dungeon (1/15)

Altars:


Message History

Magic restored.
Things that are here:
a +0 dagger; a kobold corpse A frilled lizard comes into view.
Found a spear.
A frilled lizard is nearby!
The magic dart hits the frilled lizard.
The frilled lizard is heavily wounded.
The frilled lizard hisses angrily.
A frilled lizard is nearby!
The magic dart hits the frilled lizard.
You kill the frilled lizard!
Found a stone staircase leading down.
c - 2 scrolls labelled TEGIRO XUAKHOE (gained 1)
You now have 10 gold pieces.
You see here a +0 spear.
There is a stone staircase leading down here.
You now have 20 gold pieces (gained 10).
d - a fizzy golden potion Welcome back, fractalfish the Deep Elf Conjurer.
Press ? for a list of commands and other information.
You open the door.
An endoplasm comes into view.
Found an escape hatch in the floor.
The magic dart hits the endoplasm.
You kill the endoplasm!
Magic restored.
There is an open door here.
There is an open door here.
A goblin comes into view. It is wielding a +0 dagger.
You miscast Magic Dart.
You are very lightly contaminated with residual magic.
Nothing appears to happen.
The magic dart hits the goblin.
You kill the goblin!
You can't see any susceptible monsters within range! (Use Z to cast anyway.)
Your magical contamination has completely faded away.
A jackal comes into view.
Char dumped successfully.
Are you sure you want to abandon this character and quit the game? (Confirm with "yes".)

......................>)##
######.#...##............
####.#.#.##.###..##.###
#....#......#.......#
#.######....#.#.#####
#.....#####.....#. ##
#####.# #.###.#.. #.
##.#####...#....~♣##
#..@)....#......~~P#
#........######♣~~~~
#........# #~~~#
#........# ...~♣##
###......# ### #<
#....#... ## #.######. h..


You could see a jackal (asleep).

Vanquished Creatures
  An endoplasm (D:1)
  A goblin (D:1)
  A frilled lizard (D:1)
  A kobold (D:1)
4 creatures vanquished.

Notes
Turn   | Place    | Note
-------+----------+-------------------------------------------
     0 | D:1      | fractalfish the Deep Elf Conjurer began the quest for the
                  | Orb.
     0 | D:1      | Reached XP level 1. HP: 10/10 MP: 6/6
    81 | D:1      | Upgraded the game from 0.29.0-11-gd7f09526c8 to
                  | 0.29.1-1-gd02db6906a
   136 | D:1      | Quit the game

Illustrated notes

Levels and vault maps discovered:
D:1:      sevenhm_arrival_forest_fort_small_4, layout_basic

Action                   || total
-------------------------++-------
 Cast: Magic Dart        ||     5
